 Dungeon Crawl Stone Soup version 0.31-a0-836-g3ceb0a68c4 (webtiles) character file.

Game seed: 15656402905030974039

233 lunkers the Insei (level 6, -4/47 HPs)
             Began as a Meteoran Shapeshifter on Sept 26, 2023.
             Slain by a gnoll
             ... wielding a +0 halberd
              (6 damage)
             ... on level 4 of the Dungeon.
             The game lasted 00:02:14 (1358 turns).

lunkers the Insei (Meteoran Shapeshifter)           Turns: 1358, Time: 00:02:15

Health: -4/47      AC:  5    Str: 15    XL:     6   Next: 51%
Magic:  7/7        EV: 11    Int: 12    God:
Gold:   155        SH:  0    Dex: 16    Spells: 5/5 levels left

rFire   . .          .
                       - Unarmed
rCold   . . .        (no shield)
rNeg    . . .        n - +0 ring mail
rPois   .            (helmet currently unavailable)
rElec   .            (cloak currently unavailable)
rCorr   .            (gloves currently unavailable)
SInv    .            (boots currently unavailable)
Will    .....        (no amulet)
Stlth   +            o - +4 ring of slaying
HPRegen 0.27/turn    (no ring)
MPRegen 0.10/turn

%: no passive effects
@: beast-form, glowing
A: beast (slay +2), sense surroundings 1, otherworldly, glowing, explore regen
a: Begin Untransformation


You were on level 4 of the Dungeon.
You were a hulking beast.
You visited 1 branch of the dungeon, and saw 4 of its levels.

You collected 155 gold pieces.

Inventory:

Armour
 a - a +0 animal skin
 g - a +0 helmet
 i - a +0 pair of gloves
 n - a +0 ring mail (worn)
Jewellery
 o - a +4 ring of slaying (left hand)
Talismans
 c - a beast talisman (active)
 d - a flux talisman
Wands
 p - a wand of flame (24)
Scrolls
 e - 2 scrolls of teleportation {unknown}
 j - 2 scrolls of fear {unknown}
 k - 3 scrolls of brand weapon {unknown}
 m - 2 scrolls of revelation {unknown}
Potions
 b - a potion of lignification
 f - a potion of attraction {unknown}
 h - a potion of mutation {unknown}
 l - a potion of cancellation {unknown}


   Skills:
 - Level 1.1 Fighting
 - Level 2.1 Dodging
 * Level 6.8 Unarmed Combat
 + Level 5.1 Shapeshifting


You had 5 spell levels left.
You didn't know any spells.
Your spell library was empty.

Dungeon Overview and Level Annotations

Branches:
Dungeon (4/15) Zot: 1053
 Temple: D:4-7

Altars:


Innate Abilities, Weirdness & Mutations

You are a hulking beast.
Your limbs bulge with bestial killing power. (Slay +2)
You passively map a small area around you.
You are easily found by Zot.
You glow in the dark.
You regain HP and MP as you explore.


Message History

* * * LOW HITPOINT WARNING * * *
The iguana bites you!
* * * LOW HITPOINT WARNING * * *
The kobold attacks as it pursues you! The kobold barely misses you.
Unknown command.
The kobold attacks as it pursues you! The kobold misses you.
You punch the kobold!
You kill the kobold!
Unknown command.
You punch the endoplasm!
You kill the endoplasm!
Unknown command.
You hit the kobold.
You kill the kobold!
Unknown command.
You hit the iguana.
You kill the iguana!
Unknown command.
You punch the giant cockroach!
You kill the giant cockroach!
Unknown command.
You hit the gnoll.
The gnoll is moderately wounded.
The gnoll hits you with a +0 flail!
* * * LOW HITPOINT WARNING * * *
Okay, then.
The gnoll attacks as it pursues you! The gnoll closely misses you.
A gnoll comes into view. It is wielding a +0 spear.
You closely miss the gnoll.
The gnoll is moderately wounded.
The gnoll shouts!
You closely miss the gnoll.
The gnoll is moderately wounded.
The gnoll hits you with a +0 flail.
* * * LOW HITPOINT WARNING * * *
The gnoll hits you but does no damage.
Okay, then.
The gnoll barely misses you.
The gnoll hits you from afar with a +0 halberd.
You die...

#...* ...# .## ... ,
####.>.**##..#,8.#...
##..#... ##...##.##..##
##....... #...#..#..#..#.
#........####......#.....
#........#..l#...#.... *
, ##...#.....g.##g#...#,
##.....##...g###g#..?#.#.
#.........#.## #h........
, .......<.....#
#.)....... *
.........###.#*##........
........## *.g ###....##
* ######..# .)., ....P. *
#...# *.$.., ,....#P , ,
, , ....... .... ...+ ,
......##... ...+ ,
##....##,..... ,


You could see 2 gnolls.

Vanquished Creatures
  A phantom (D:4)
  An orc priest (D:2)
  An iguana (D:4)
  An orc wizard (D:3)
  2 adders (D:2)
  2 dart slugs
  3 orcs
  7 endoplasms
  4 giant cockroaches
  3 goblins
  6 hobgoblins
  5 kobolds
  2 quokkas (D:3)
  5 ball pythons
  3 bats
  2 frilled lizards
  3 rats
51 creatures vanquished.

Notes
Turn   | Place    | Note
-------+----------+-------------------------------------------
     0 | D:1      | lunkers the Meteoran Shapeshifter began the quest for the
                  | Orb.
     0 | D:1      | Reached XP level 1. HP: 16/16 MP: 2/2
    39 | D:1      | Reached XP level 2. HP: 19/23 MP: 3/3
    59 | D:1      | Reached skill level 4 in Unarmed Combat
   391 | D:1      | Reached XP level 3. HP: 28/28 MP: 4/4
   502 | D:1      | Glimpsed the power of Zot.
   871 | D:2      | Reached XP level 4. HP: 35/35 MP: 5/5
   879 | D:2      | Reached skill level 5 in Unarmed Combat
  1107 | D:2      | Glimpsed the power of Zot.
  1136 | D:2      | Reached XP level 5. HP: 17/40 MP: 6/6
  1322 | D:4      | Noticed a phantom
  1332 | D:4      | Killed a phantom
  1333 | D:4      | Reached skill level 6 in Unarmed Combat
  1333 | D:4      | Reached skill level 5 in Shapeshifting
  1333 | D:4      | Reached XP level 6. HP: 47/47 MP: 7/7
  1354 | D:4      | HP: 2/47 [gnoll/+0 flail (10)]
  1358 | D:4      | Slain by a gnoll

Illustrated notes

Levels and vault maps discovered:
D:1:      dpeg_arrival_pond, layout_basic
D:2:      layout_basic
D:3:      layout_rooms, trog_hazing_becter, mainiacjoe_overflow_alcove_2,
          uniq_grinder
D:4:      cheibrodos_old_hovel, layout_cave_pools, tso_oasis_becter,
          portal_sewer_entry_a, hangedman_decor_clover_reticule,
          grunt_decor_one_mirror

Skill      XL: |  1  2  3  4  5 |
---------------+----------------+-----
Unarmed Combat | 4 5 6 |  6.8
Shapeshifting  | 4 5 |  5.1
Fighting       | |  1.1
Dodging        | |  2.1

Action                     |  1- 3 |  4- 6 || total
---------------------------+-------+-------++-------
  Melee: Unarmed           |    51 |    69 ||   120
         Punch             |     1 |     1 ||     2
 Armour: Animal skin       |    21 |     1 ||    22
         Ring mail         |       |    38 ||    38
  Dodge: Dodged            |    25 |    34 ||    59

Table legend: (Time is in decaauts)
 A = Elapsed time spent in this place.
 B = Non-inter-level travel time spent in this place.
 C = Inter-level travel time spent in this place.
 D = Time resting spent in this place.
 E = Time spent auto-exploring this place.
 F = Levels seen in this place.
 G = Mean time per level.
                   A        B        C        D        E       F      G
               +--------+--------+--------+--------+--------+-----+--------+
         Total |   1345 |   1326 |     19 |      0 |    914 |   4 |  336.2 |
       Dungeon |   1345 |   1326 |     19 |      0 |    914 |   4 |  336.2 |
               +--------+--------+--------+--------+--------+-----+--------+

Top non-repeatable levels by time:
     D:2: 681 daAuts
     D:1: 506 daAuts
     D:3: 124 daAuts
     D:4: 33 daAuts
